 Dungeon Crawl Stone Soup version 0.22-a0-305-gd21a89c (webtiles) character file.

1592 zero the Covert (level 8, 0/39 HPs)
             Began as a Spriggan Enchanter on Mar 30, 2018.
             Was an Initiate of Vehumet.
             Slain by Joseph
             ... wielding a +2 quarterstaff of crushing
              (3 damage)
             ... on level 7 of the Dungeon.
             The game lasted 00:13:31 (8551 turns).

zero the Covert (Spriggan Enchanter)                Turns: 8551, Time: 00:13:32

Health: 0/39       AC:  5    Str:  4    XL:     8   Next: 61%
Magic:  3/15       EV: 22    Int: 17    God:    Vehumet [......]
Gold:   223        SH:  0    Dex: 18    Spells: 9/15 levels left

rFire    + . .     SeeInvis +   u - +0 rapier
rCold    . . .     Gourm    .   (shield restricted)
rNeg     . . .     Faith    .   b - +0 robe
rPois    .         Spirit   .   m - +2 hat
rElec    .         Reflect  .   k - +0 cloak
rCorr    +         Harm     .   (gloves unavailable)
MR       .....                  (boots unavailable)
Stlth    ++++......             (no amulet)
HPRegen  0.13/turn              j - ring of protection from fire
MPRegen  0.14/turn              x - ring of resist corrosion

@: vulnerable, very slightly contaminated, very quick
A: very small, unfitting armour, see invisible, herbivore, speed 3, slow
metabolism 2
a: Renounce Religion


You were on level 7 of the Dungeon.
You worshipped Vehumet.
Vehumet was noncommittal.
You were not hungry.

You visited 1 branch of the dungeon, and saw 7 of its levels.

You collected 271 gold pieces.
You spent 48 gold pieces at shops.

Inventory:

Hand Weapons
 a - a +1 dagger
 e - a +0 hunting sling
 q - a +0 blowgun
 u - a +0 rapier (weapon)
Missiles
 l - 23 sling bullets
 n - 103 stones (quivered)
 r - 22 poisoned needles
Armour
 b - a +0 robe (worn)
 k - a +0 cloak (worn)
 m - a +2 hat (worn)
Jewellery
 j - a ring of protection from fire (left hand)
 x - a ring of resist corrosion (right hand)
Wands
 p - a wand of acid (5)
Scrolls
 f - 2 scrolls of identify
 h - a scroll of teleportation
 t - a scroll of remove curse
 w - a scroll of fog
Potions
 c - 3 potions of might
 g - 2 potions of brilliance
 i - 2 potions of haste
 o - 2 potions of curing
 s - 2 potions of mutation
Comestibles
 d - 4 rations


   Skills:
 + Level 2.8 Fighting
 - Level 3.1 Short Blades
 + Level 6.1 Dodging
 - Level 9.2 Stealth
 - Level 4.0 Spellcasting
 - Level 9.2 Hexes


You had 9 spell levels left.
You knew the following spells:

 Your Spells              Type           Power        Failure   Level  Hunger
a - Corona                Hex            ####...      1%          1    None
b - Ensorcelled Hibernat  Hex/Ice        ###...       3%          2    ##.....
c - Confuse               Hex            ####....     1%          3    ###....


Dungeon Overview and Level Annotations

Branches:
Dungeon (7/15)             Temple (0/1) D:4

Altars:
Qazlal
Vehumet

Shops:
D:4 (

Annotations:
D:2 exclusion: adder
D:7 Joseph


Innate Abilities, Weirdness & Mutations

You are very small and have problems with some larger weapons.
You are too small for most types of armour.
You have supernaturally acute eyesight. (SInv)
You are a herbivore.
You cover ground extremely quickly.
You need to consume almost no food.


Message History

Press: ? - help, Shift-Dir - straight line, f/p - Joseph
Aim: Joseph, wielding a quarterstaff of crushing and wearing a leather armour (severely wounded, softly glowing, chance to defeat MR: 45%) Joseph resists with some effort.
Joseph completely misses you.
You barely miss Joseph.
Joseph is severely wounded.
Casting: Confuse (safe; 1% risk of failure)
Confirm with . or Enter, or press ? or * to list all spells.
You don't have enough magic to cast that spell.
Unknown command.
You hit Joseph.
Joseph is severely wounded.
Joseph misses you.
You hit Joseph but do no damage.
Joseph is severely wounded.
Joseph completely misses you.
You hit Joseph.
Joseph is severely wounded.
Joseph hits you with an uncursed quarterstaff of crushing!
* * * LOW HITPOINT WARNING * * *
You die...

## #. #Z #o #o #o
.# #@## #.# #.@#
#.# ##.# #.# #(#
#.# #.# #.#
###.######.####.#
#.<.............#
#$#..#####.###..#
#.#..# #.#
#).#### #.#..#
#.###......


You could see Joseph, an orc wizard, 2 orcs and a bullfrog zombie.

Vanquished Creatures
  The ghost of budo the Cutter, an amateur KoBe of Trog (D:4)
  Sigmund (D:3)
  A sky beast (D:5)
  An ice beast (D:5)
  A phantom (D:5)
  2 ogres (D:5)
  A centaur (D:5)
  Blork the orc (D:5)
  A bullfrog (D:7)
  A scorpion (D:4)
  2 crimson imps
  A hound (D:4)
  4 orc priests
  2 orc wizards
  2 iguanas
  Ijyb (D:3)
  A worker ant (D:5)
  A hound zombie (D:5)
  Robin (D:3)
  2 gnolls
  4 adders
  3 oozes
  2 worms
  3 dart slugs
  6 leopard geckos
  11 orcs
  A ball python (D:4)
  4 giant cockroaches
  10 goblins
  7 hobgoblins
  2 jackals (D:5)
  10 kobolds
  A quokka (D:3)
  8 bats
  2 frilled lizards
  A leopard gecko skeleton (D:4)
  A quokka skeleton (D:4)
  6 rats
110 creatures vanquished.

Notes
Turn   | Place    | Note
-------+----------+-------------------------------------------
     0 | D:1      | zero the Spriggan Enchanter began the quest for the Orb.
     0 | D:1      | Reached XP level 1. HP: 9/9 MP: 5/5
   137 | D:1      | Reached XP level 2. HP: 7/13 MP: 6/6
   144 | D:1      | Learned a level 2 spell: Ensorcelled Hibernation
   320 | D:1      | Reached skill level 5 in Stealth
  1446 | D:2      | Reached XP level 3. HP: 16/16 MP: 8/8
  2824 | D:3      | Reached XP level 4. HP: 21/21 MP: 9/9
  2926 | D:3      | Noticed Sigmund
  2932 | D:3      | Killed Sigmund
  2932 | D:3      | Reached XP level 5. HP: 18/24 MP: 3/10
  2967 | D:3      | Learned a level 3 spell: Confuse
  3815 | D:3      | Reached XP level 6. HP: 6/28 MP: 0/11
  4472 | D:3      | Noticed Ijyb
  4477 | D:3      | Killed Ijyb
  4848 | D:3      | Noticed Robin
  5176 | D:3      | Found a faded altar of an unknown god.
  5445 | D:3      | Killed Robin
  5598 | D:4      | Reached skill level 5 in Hexes
  5811 | D:4      | Noticed budo's ghost (amateur KoBe)
  5828 | D:4      | Killed budo's ghost
  5828 | D:4      | Reached XP level 7. HP: 27/32 MP: 5/14
  5899 | D:4      | Found a radiant altar of Vehumet.
  6229 | D:4      | Found a staircase to the Ecumenical Temple.
  6623 | D:4      | Found Ponnak's Weapon Shoppe.
  6631 | D:4      | Bought a +0 rapier for 48 gold pieces
  6817 | D:4      | Found a stormy altar of Qazlal.
  7185 | D:4      | Became a worshipper of Vehumet
  7206 | D:5      | Entered Level 5 of the Dungeon
  7222 | D:5      | Noticed Blork the orc
  7228 | D:5      | Killed Blork the orc
  7275 | D:5      | Reached XP level 8. HP: 36/36 MP: 15/15
  7488 | D:5      | Reached skill level 1 in Fighting
  8037 | D:5      | Reached skill level 5 in Dodging
  8530 | D:7      | Noticed Joseph
  8551 | D:7      | Slain by Joseph

Vault maps used:
D:1:      eino_arrival_water_star
D:2:      minmay_kobold_bridge
D:3:      gup_sewer_entry_pipe, chequers_ecumenical_altar_simple_redux,
          grunt_ministairs_10, uniq_ijyb, uniq_robin, uniq_sigmund
D:4:      old_standard_altar, minmay_temple_entry_statues_fountains,
          first_ration, serial_shops, shop, nicolae_qazlal_general_emergency
D:5:      uniq_blork_the_orc
D:7:      uniq_pikel, uniq_menkaure, uniq_joseph

Skill      XL: |  1  2  3  4  5  6  7  8 |
---------------+-------------------------+-----
Stealth        | 5 6 9 |  9.2
Short Blades   | 2 3 |  3.1
Spellcasting   | 3 4 |  4.0
Hexes          | 6 8 9 |  9.2
Fighting       | 2 |  2.8
Dodging        | 6 |  6.1

Action                   |  1- 3 |  4- 6 |  7- 9 || total
-------------------------+-------+-------+-------++-------
Melee: Dagger            |    67 |   258 |    48 ||   373
       Rapier            |       |       |    67 ||    67
 Fire: Hunting sling     |    82 |    16 |       ||    98
       Blowgun           |       |    18 |       ||    18
 Cast: Ensorcelled Hiber |     9 |    48 |    20 ||    77
       Confuse           |       |     3 |     6 ||     9
       Corona            |       |       |     1 ||     1
  Use: Scroll            |     8 |     3 |     3 ||    14
 Stab: Sleeping          |     4 |    22 |    23 ||    49
       Distracted        |     1 |       |       ||     1
       Confused          |       |     2 |     2 ||     4
  Eat: Ration            |       |     3 |     2 ||     5
Armor: Robe              |    20 |    51 |     7 ||    78
Dodge: Dodged            |   121 |   304 |    83 ||   508

Table legend:
 A = Spawn XP
 B = Non-spawn XP
 C = Spawn XP percentage of total XP
 D = Spawn monster count
 E = Non-spawn monster count
 F = Spawn count percentage of total count
 G = Total turns spent on level
                    A         B        C        D         E        F      G
               +---------+---------+-------+---------+---------+-------+---------
         Total |       0 |    2275 |   0.0 |       0 |     110 |   0.0 |  8551
               +---------+---------+-------+---------+---------+-------+---------
           D:1 |       0 |      29 |   0.0 |       0 |      15 |   0.0 |   926
           D:2 |       0 |      64 |   0.0 |       0 |      20 |   0.0 |  2390
           D:3 |       0 |     562 |   0.0 |       0 |      42 |   0.0 |  2451
           D:4 |       0 |     560 |   0.0 |       0 |      17 |   0.0 |  1439
           D:5 |       0 |     963 |   0.0 |       0 |      14 |   0.0 |  1259
           D:7 |       0 |      97 |   0.0 |       0 |       2 |   0.0 |    70
               +---------+---------+-------+---------+---------+-------+---------
